AoeStats
← 691621796

Black Forest

510714894Analyzed
3v3 RM · 20h ago on Oct 2, 2026· 33m 36s· 6 players
Game mode
Random Map
Map size
Normal (6 player)
Population
200
Speed
Normal
Resources
Standard
Victory
Conquest
Starting age
Dark Age
Ending age
Imperial Age
RankedLock teamsTeams togetherTeam positionsShared explorationLock speedFull tech treeHidden civsTurbo modeCheats
Victory
Defeat
🇨🇳 Celts · China
723
+12
🇮🇳 Vietnamese · India
722
+12
🇹🇷 Turks · Türkiye
657
+13
🇫🇷 Vietnamese · France
630
-13
🇮🇹 Italians · Italy
621
-12
🇷🇴 Aztecs · Romania
618
-12
Djgama17
0:32 Loom
14:36 Feudal Age
15:12 Horse Collar
15:19 Double-Bit Axe
15:33 Gold Mining
15:33 Stone Mining
21:26 Castle Age
19:12 Town Watch
20:10 Wheelbarrow
19:50 Stone Mining
23:09 Bow Saw
23:37 Heavy Plow
24:37 Forging
24:27 Scale Mail Armor
27:26 Scale Mail Armor
27:28 Padded Archer Armor
31:37 Squires
30:58 Pikeman
nonodaubresse45
0:33 Loom
16:25 Feudal Age
17:51 Wheelbarrow
17:00 Horse Collar
17:13 Gold Mining
17:15 Stone Mining
17:14 Double-Bit Axe
17:15 Town Watch
20:10 Fletching
28:10 Castle Age
29:46 Hand Cart
31:09 Treadmill Crane
31:46 Forging
Il_cera89
0:40 Loom
12:21 Feudal Age
12:46 Horse Collar
12:55 Double-Bit Axe
13:00 Town Watch
16:24 Wheelbarrow
20:31 Man-at-Arms
25:09 Castle Age
25:12 Stone Mining
25:40 Forging
27:26 Stone Shaft Mining
28:38 Hand Cart
28:52 Heavy Plow
29:58 Crossbowman
Aethelflaed
0:52 Loom
10:35 Feudal Age
17:42 Castle Age
33:04 Imperial Age
lollychampion
17:59 Feudal Age
20:00 Wheelbarrow
19:16 Double-Bit Axe
19:27 Gold Mining
19:19 Horse Collar
27:59 Castle Age
28:08 Forging
27:49 Fletching
27:34 Man-at-Arms
29:14 Crossbowman
29:54 Bodkin Arrow
30:59 Stone Mining
32:53 Hand Cart
691621796
10:09 Loom
12:19 Feudal Age
12:53 Horse Collar
13:00 Double-Bit Axe
20:14 Castle Age
18:38 Stone Mining
18:46 Gold Mining
21:22 Bow Saw
21:16 Heavy Plow
24:15 Wheelbarrow
25:57 Hand Cart
27:29 Gold Shaft Mining
33:49 Imperial Age
Connection lost

Rejoining the realm…

Still unreachable

The connection could not be restored.

Session expired

The server has moved on; the page needs a fresh start.